 Dungeon Crawl Stone Soup version 0.22.1-2-g9c5b331383 (webtiles) character file.

531 Jerry the Slasher (level 7, -8/62 HPs)
             Began as a Minotaur Fighter on Jan 5, 2019.
             Mangled by a wraith (11 damage)
             ... in an ossuary.
             The game lasted 00:07:29 (2846 turns).

Jerry the Slasher (Minotaur Fighter)                Turns: 2846, Time: 00:07:30

Health: -8/62      AC:  8    Str: 22    XL:     7   Next: 3%
Magic:  6/6        EV:  9    Int:  6    God:
Gold:   147        SH:  0    Dex:  9    Spells: 6/6 levels left

rFire    + . .     SeeInvis .   d - +3 long sword (freeze)
rCold    + . .     Gourm    .   (no shield)
rNeg     . . .     Faith    .   b - +0 scale mail
rPois    +         Spirit   .   (helmet restricted)
rElec    +         Reflect  .   e - +0 cloak
rCorr    +         Harm     .   (no gloves)
MR       .....                  (no boots)
Stlth    ..........             s - amulet of regeneration
HPRegen  0.60/turn              (no ring)
MPRegen  0.10/turn              (no ring)

@: resistant, flying, slowed, drained, very slow
A: retaliatory headbutt, horns 2
a: no special abilities


You were in an ossuary.
You were not hungry.

You visited 1 branch of the dungeon, and saw 4 of its levels.
You also visited: Ossuary.

You collected 147 gold pieces.

Inventory:

Hand Weapons
 d - a +3 long sword of freezing (weapon)
Armour
 b - a +0 scale mail (worn)
 c - a +0 shield
 e - a +0 cloak (worn)
Jewellery
 s - an amulet of regeneration (around neck)
Wands
 k - a wand of random effects (57)
Scrolls
 h - 4 scrolls of remove curse
 m - 2 scrolls of immolation {unknown}
 o - a scroll of enchant weapon {unknown}
 p - a scroll of teleportation {unknown}
 q - a scroll of fear {unknown}
 t - a scroll of silence {unknown}
Potions
 a - a potion of ambrosia
 j - a potion of degeneration {unknown}
 l - 3 potions of lignification {unknown}
 n - 7 potions of curing {unknown}
 r - a potion of heal wounds {unknown}
Comestibles
 f - 6 rations


   Skills:
 + Level 5.6(4.9) Fighting
 * Level 6.8(6.0) Long Blades
 + Level 5.7(4.9) Armour
 - Level 3.6(2.9) Shields


You had 6 spell levels left.
You didn't know any spells.
Your spell library was empty.

Dungeon Overview and Level Annotations

Branches:
Dungeon (4/15)
 Temple: D:4-7

Altars:
Cheibriados
Elyvilon
Makhleb
The Shining One


Innate Abilities, Weirdness & Mutations

You reflexively headbutt those who attack you in melee.
You have a pair of horns on your head.


Message History

You hit the wraith but do no damage. Your headbutt misses the wraith.
The wraith is severely damaged.
The wraith hits you but does no damage. The wraith completely misses you.
You barely miss the wraith.
You headbutt the wraith, but do no damage.
The wraith is severely damaged.
The wraith hits you but does no damage.
You hit the wraith but do no damage.
The wraith is severely damaged.
The wraith barely misses you.
You riposte.
You completely miss the wraith. You headbutt the wraith!
The wraith is almost destroyed.
The wraith hits you!
* * * LOW HITPOINT WARNING * * *
The wraith drains your vigour!
You feel as though you will be slow longer.
You closely miss the wraith.
The wraith is almost destroyed.
The wraith hits you but does no damage. The wraith hits you!
You die...

#################
#.@.............#
#.W##..###..##).#
#.#.#..#z#..#.#.#
#. ##..###..###.#
# #.
............# #
#.
##..???..###.###
#. #..??!..#
#.'.. #.
#..???..# #.###
...# #


You could see a wraith and a flying skull.

Vanquished Creatures
  Sigmund (D:2)
  A scorpion (D:4)
  2 wights (Ossuary)
  Natasha (thrice) (D:2 D:1)
  Robin (D:1)
  5 adders
  An ooze (D:3)
  2 adder zombies (Ossuary)
  2 worms (D:2)
  2 dart slugs
  3 leopard geckos
  3 bats (D:3)
  4 giant cockroaches
  19 goblins
  8 hobgoblins
  12 jackals
  2 quokkas (D:2)
  A ball python (D:1)
  A ball python skeleton (Ossuary)
  3 frilled lizards (D:1)
  4 hobgoblin skeletons (Ossuary)
  2 kobolds
  An orc skeleton (Ossuary)
  An orc zombie (Ossuary)
  3 rats
87 creatures vanquished.

Notes
Turn   | Place    | Note
-------+----------+-------------------------------------------
     0 | D:1      | Jerry the Minotaur Fighter began the quest for the Orb.
     0 | D:1      | Reached XP level 1. HP: 19/19 MP: 0/0
   128 | D:1      | Reached skill level 3 in Long Blades
   128 | D:1      | Reached XP level 2. HP: 22/27 MP: 1/1
   872 | D:2      | Reached XP level 3. HP: 29/33 MP: 2/2
   978 | D:2      | Reached skill level 4 in Long Blades
  1084 | D:2      | Noticed Sigmund
  1116 | D:2      | Killed Sigmund
  1116 | D:2      | Reached skill level 5 in Fighting
  1116 | D:2      | Reached skill level 5 in Long Blades
  1116 | D:2      | Reached skill level 5 in Armour
  1116 | D:2      | Reached XP level 4. HP: 22/42 MP: 3/3
  1116 | D:2      | Reached XP level 5. HP: 25/48 MP: 4/4
  1389 | D:2      | Noticed Natasha
  1403 | D:2      | Killed Natasha
  1432 | D:2      | Reached XP level 6. HP: 55/56 MP: 5/5
  1501 | D:2      | Noticed Natasha
  1506 | D:2      | Killed Natasha
  1556 | D:2      | Found a burning altar of Makhleb.
  1556 | D:2      | Noticed Natasha
  1556 | D:2      | Noticed Robin
  1583 | D:1      | Killed Robin
  1600 | D:1      | Killed Natasha
  1642 | D:2      | Reached skill level 6 in Long Blades
  1689 | D:2      | Found a glowing golden altar of the Shining One.
  2127 | D:3      | Found a white marble altar of Elyvilon.
  2582 | D:4      | Found a snail-covered altar of Cheibriados.
  2650 | D:4      | Found a sand-covered staircase.
  2655 | Ossuary  | Entered an ossuary
  2776 | Ossuary  | Noticed a flying skull
  2776 | Ossuary  | Noticed a wraith
  2795 | Ossuary  | Reached XP level 7. HP: 47/62 MP: 6/6
  2827 | Ossuary  | Noticed a flying skull
  2831 | Ossuary  | Noticed a wraith
  2845 | Ossuary  | HP: 2/62 [wraith (9)]
  2846 | Ossuary  | Mangled by a wraith

Skill      XL: |  1  2  3  4  5  6 |
---------------+-------------------+-----
Long Blades    | 3 5 6 |  6.8
Armour         | 4 5 |  5.7
Fighting       | 4 5 |  5.6
Shields        | |  3.6

Action                   |  1- 3 |  4- 6 |  7- 9 || total
-------------------------+-------+-------+-------++-------
Melee: Long sword        |    85 |   102 |    12 ||   199
       Headbutt          |    13 |    16 |     6 ||    35
  Use: Potion            |     1 |       |     3 ||     4
       Scroll            |       |     2 |       ||     2
  Eat: Chunk             |     1 |     5 |       ||     6
Armor: Scale mail        |    60 |    39 |     5 ||   104
Dodge: Dodged            |    59 |    39 |     5 ||   103
       Rpst.: Long sword |    12 |    12 |     2 ||    26
